Map: [ESL] Goldenaura

Players

Oliveira - Winner!

  • Race: Terran Terran
  • Spawn Location: 12:00

Lambo

  • Race: Zerg Zerg
  • Spawn Location: 5:00

Event: Bellum Gens Elite Stara Zagora 2024

VOD

Have the link to the VOD?

Description

Time

  • Played on: Sept. 8, 2024, 6:28 a.m.
  • Length: 15:36

All games in this series

Show
View Real Time Build Order
Export as new Build Order

Oliveira Terran - Winner!

Build Orders: Liberator Opening, Reaper Expand 

Get SALT Encoding   

  12  0:00  SCV  
  13  0:12  SCV  
  14  0:17  Supply Depot  
  14  0:24  SCV  
  15  0:39  SCV  
  15  0:40  Barracks  
  16  0:44  Refinery  
  16  0:57  SCV  
  17  1:09  SCV  
  18  1:28  Orbital Command  
  18  1:29  Reaper  
  19  1:38  Command Center  
  19  1:51  Supply Depot  
  19  1:53  SCV  
  20  2:00  Marine  
  21  2:05  SCV  
  22  2:13  Factory  
  22  2:18  SCV  
  22  2:19  Refinery  
  23  2:24  Barracks Reactor  
  23  2:30  SCV  
  24  2:42  SCV  
  25  2:49  Orbital Command  
  25  2:54  SCV  
  26  2:59  Starport  
  26  3:03  Hellion  
  26  3:04  Hellion  
  30  3:06  SCV  
  30  3:08  Marine  
  32  3:15  SCV  
  32  3:18  SCV  
  34  3:25  Supply Depot, Hellion x2  
  38  3:27  SCV  
  38  3:30  SCV  
  40  3:34  Barracks Tech Lab  
  40  3:37  Liberator  
  40  3:39  SCV  
  44  3:42  SCV  
  44  3:47  Hellion x2  
  49  3:49  Supply Depot  
  49  3:51  SCV  
  49  3:54  SCV  
  51  3:56  Stimpack  
  51  4:03  SCV  
  51  4:06  SCV  
  53  4:14  Command Center  
  53  4:19  SCV  
  53  4:20  SCV, Liberator  
  58  4:28  Supply Depot  
  58  4:29  Barracks  
  58  4:31  SCV  
  59  4:37  Marine, Factory Reactor  
  60  4:39  SCV  
  60  4:40  Barracks  
  60  4:43  SCV  
  62  4:51  SCV  
  63  4:53  Engineering Bay x2  
  63  4:55  Supply Depot, SCV  
  63  4:58  Marine  
  65  5:03  SCV  
  65  5:06  Starport Reactor  
  66  5:07  SCV  
  66  5:11  Refinery  
  65  5:15  SCV, Barracks x2  
  65  5:19  SCV  
  67  5:24  Refinery, Terran Infantry Armor Level 1, Factory Reactor  
  67  5:26  Terran Infantry Weapons Level 1  
  67  5:27  SCV  
  68  5:33  Marine x2  
  71  5:36  Marine  
  71  5:37  Marine x2  
  71  5:41  Orbital Command  
  74  5:42  SCV  
  74  5:45  Medivac x2  
  74  5:47  SCV  
  79  5:50  Supply Depot  
  79  5:53  Marine  
  79  5:54  Marine x2  
  82  5:57  Marine  
  82  5:59  SCV  
  82  6:00  Marine  
  82  6:01  Supply Depot  
  82  6:03  Combat Shield  
  82  6:05  Barracks Reactor x2  
  82  6:06  Orbital Command  
  82  6:09  Hellion x2  
  82  6:10  Marine  
  87  6:11  Marine  
  87  6:12  SCV  
  87  6:15  SCV  
  87  6:16  Armory  
  87  6:18  Marine  
  91  6:23  Supply Depot  
  91  6:25  SCV  
  92  6:27  Marine  
  92  6:28  Medivac  
  92  6:31  Supply Depot, Medivac  
  92  6:32  SCV  
  98  6:35  SCV  
  99  6:40  Widow Mine x2  
  99  6:42  Marine  
  99  6:44  SCV  
  99  6:45  Marine  
  104  6:49  Marine  
  104  6:50  SCV  
  104  6:53  SCV  
  104  6:55  Marine  
  104  6:56  Marine x3  
  104  6:58  SCV, Marine  
  104  6:59  Marine  
  108  7:02  Supply Depot, SCV  
  108  7:03  Supply Depot  
  108  7:05  Marine x2  
  108  7:07  Medivac x2  
  108  7:08  Widow Mine x2  
  119  7:12  Marine x2  
  119  7:15  SCV  
  110  7:16  SCV x2  
  110  7:21  Refinery, Factory  
  112  7:24  Marine x4  
  112  7:25  Marine x2  
  112  7:26  Terran Infantry Weapons Level 2  
  118  7:31  SCV x3  
  118  7:34  Terran Infantry Armor Level 2  
  118  7:36  Widow Mine  
  123  7:38  Widow Mine  
  123  7:39  Marine  
  123  7:43  Marine x2  
  128  7:45  Marauder  
  128  7:46  Marine  
  131  7:52  Marine, Command Center  
  131  7:53  Supply Depot  
  130  8:10  Marine x3  
  130  8:11  Marine x6  
  137  8:16  Widow Mine x2  
  137  8:24  Factory Tech Lab  
  137  8:26  Terran Vehicle Weapons Level 1  
  132  8:28  Marine x3, Liberator x2  
  132  8:29  Marine x6  
  146  8:39  Refinery  
  146  8:42  Barracks  
  146  8:43  Barracks x2, Widow Mine  
  146  8:46  Marine  
  146  8:47  Drilling Claws  
  149  8:52  Supply Depot  
  149  8:53  Siege Tank, Marine x2  
  149  8:54  Widow Mine  
  156  8:56  Marine  
  156  9:00  Marine  
  156  9:01  Marine  
  156  9:03  Marine  
  156  9:05  Marine  
  156  9:06  Marine  
  156  9:09  Widow Mine  
  161  9:11  SCV x3  
  161  9:14  Liberator x2  
  161  9:15  Marine x2  
  172  9:18  Supply Depot  
  172  9:19  Supply Depot  
  172  9:23  Marine  
  173  9:28  Marine x2  
  173  9:30  Siege Tank  
  173  9:31  Barracks Tech Lab x3  
  158  9:32  Marine x2  
  158  9:37  Marine  
  158  9:38  Marine, Widow Mine x2  
  163  9:41  Planetary Fortress  
  163  9:43  Marine x2  
  162  9:48  Terran Infantry Weapons Level 3  
  162  9:51  Marine  
  162  9:53  Marine  
  162  9:54  Marine  
  162  9:58  Marine  
  162  9:59  Marine x2, Marauder  
  169  10:01  Marine  
  169  10:03  SCV x3  
  173  10:09  Terran Infantry Armor Level 3  
  173  10:10  Marine  
  157  10:22  SCV, Marine  
  157  10:26  Marine x2  
  157  10:27  SCV, Marauder  
  153  10:31  Marine x2  
  153  10:32  Marauder x2  
  157  10:40  Command Center  
  155  10:56  Concussive Shells, Ghost Academy, Marauder x2  
  163  10:57  Marauder x2  
  154  11:17  Marine x3  
  154  11:18  Marauder x2  
  161  11:19  Marine x3, Marauder  
  161  11:20  Marauder  
  161  11:21  Siege Tank  
  161  11:22  Widow Mine x2  
  175  11:26  Supply Depot  
  171  11:42  Ghost x2  
  171  11:43  Ghost  
  171  11:44  Ghost  
  164  12:11  Ghost x2  
  164  12:12  Ghost x2  
  144  12:19  Marine  
  144  12:22  SCV x2  
  135  12:23  Medivac  
  135  12:29  Medivac  
  126  12:33  Personal Cloaking, Widow Mine x2  
  126  12:34  SCV x2  
  130  12:39  Ghost  
  130  12:40  Widow Mine  
  130  12:41  SCV  
  135  12:49  Planetary Fortress  
  135  12:52  Missile Turret  
  135  12:53  Missile Turret  
  135  12:54  Sensor Tower  
  135  12:56  Medivac  
  137  13:02  Medivac  
  139  13:13  Widow Mine x3  
  139  13:15  Command Center  
  149  13:20  Marauder x2  
  149  13:28  Marauder x2  
  149  13:31  Sensor Tower  
  150  13:40  Medivac x2  
  150  13:41  Marauder  
  150  13:42  Widow Mine  
  150  13:43  Marine, Widow Mine x2  
  150  13:47  Marine  
  156  13:52  Marauder x2  
  156  13:55  Marine x3  
  163  14:02  Marine x2  
  165  14:10  Widow Mine x2  
  163  14:26  Ghost x2  
  163  14:27  Widow Mine  
  163  14:30  Marine x2, Marauder x2  
  172  14:32  Liberator x2  
  172  14:37  Marine  
  172  14:38  Marine x2  
  181  14:42  Marine x2  
  181  14:45  Widow Mine  
  185  14:46  Missile Turret  
  185  14:52  Marauder x2  
  164  15:04  Marine  
  164  15:05  Marine  
  164  15:06  Marine x2  
  155  15:07  Marauder  
Show
View Real Time Build Order
Export as new Build Order

Lambo Zerg 

Build Orders: Hatch First, Lurkers 

Get SALT Encoding   

  12  0:00  Drone  
  13  0:12  Overlord  
  13  0:17  Drone  
  14  0:30  Drone x2  
  16  0:47  Hatchery  
  15  0:51  Drone  
  15  0:54  Drone  
  17  0:58  Drone  
  18  1:08  Extractor  
  17  1:13  Spawning Pool  
  17  1:16  Drone  
  17  1:19  Drone  
  18  1:27  Drone  
  19  1:38  Drone  
  20  1:48  Drone  
  21  1:59  Queen x2  
  21  2:00  Zergling x4  
  27  2:10  Drone  
  27  2:11  Overlord  
  28  2:21  Hatchery  
  27  2:24  Drone  
  27  2:29  Drone  
  29  2:31  Drone  
  29  2:32  Drone  
  31  2:42  Queen  
  33  2:47  Overlord  
  33  2:49  Metabolic Boost  
  33  2:52  Drone  
  33  2:54  Drone  
  33  2:56  Drone  
  36  3:05  Queen  
  38  3:10  Drone x3  
  41  3:14  Drone x2  
  41  3:15  Drone  
  44  3:21  Overlord  
  44  3:28  Overlord  
  44  3:32  Queen  
  46  3:35  Zergling x2  
  46  3:36  Drone  
  46  3:37  Queen  
  46  3:40  Drone  
  46  3:41  Drone  
  52  3:44  Queen  
  54  3:49  Zergling x2  
  54  3:52  Drone x3  
  54  3:54  Drone  
  54  3:55  Drone  
  60  3:58  Drone  
  60  4:00  Drone x2  
  63  4:05  Overlord  
  63  4:08  Zergling x2  
  63  4:09  Overlord  
  64  4:13  Queen  
  66  4:20  Overlord  
  66  4:21  Overlord  
  66  4:24  Overlord  
  66  4:25  Drone x3  
  66  4:27  Drone  
  66  4:28  Drone  
  66  4:29  Spore Crawler  
  66  4:30  Drone  
  70  4:33  Spore Crawler  
  70  4:35  Spore Crawler  
  70  4:37  Zergling x6  
  71  4:43  Zergling x4, Extractor  
  72  4:46  Drone  
  72  4:47  Drone x3  
  72  4:51  Zergling x2  
  77  4:53  Drone  
  77  4:59  Drone x7  
  85  5:02  Drone x2  
  85  5:04  Lair  
  87  5:10  Drone  
  87  5:11  Extractor  
  87  5:15  Drone x2, Baneling Nest  
  88  5:21  Hatchery  
  88  5:23  Drone, Extractor  
  88  5:27  Drone x4, Extractor  
  90  5:28  Extractor  
  90  5:30  Drone x2  
  90  5:34  Drone  
  92  5:36  Drone  
  92  5:40  Drone x6  
  96  5:51  Drone x3  
  96  5:55  Drone, Overlord  
  96  5:56  Drone  
  101  6:02  Drone x3  
  104  6:05  Centrifugal Hooks  
  104  6:09  Drone, Hydralisk Den  
  104  6:13  Queen  
  104  6:15  Drone x7  
  113  6:26  Overlord x4  
  113  6:27  Hatchery  
  113  6:28  Baneling x5  
  113  6:29  Baneling  
  112  6:32  Queen  
  112  6:34  Overlord  
  112  6:36  Zergling x10  
  112  6:37  Baneling x2  
  119  6:42  Overlord  
  119  6:43  Overlord x2  
  119  6:45  Grooved Spines  
  119  6:48  Evolution Chamber  
  119  6:49  Evolution Chamber  
  119  6:50  Infestation Pit  
  119  6:53  Zergling x14  
  109  6:56  Zergling x6  
  109  7:00  Hydralisk x3  
  118  7:04  Queen, Extractor  
  118  7:05  Extractor  
  117  7:08  Hydralisk x4  
  117  7:14  Drone x3  
  125  7:17  Zerg Ground Armor Level 1, Zerg Missile Weapons Level 1  
  125  7:18  Drone  
  125  7:19  Spore Crawler  
  125  7:25  Drone x2  
  125  7:26  Drone, Hydralisk x3  
  125  7:28  Baneling x2  
  125  7:29  Baneling x3  
  134  7:31  Drone x2  
  134  7:35  Drone x4  
  134  7:36  Baneling x2  
  140  7:38  Hydralisk  
  140  7:41  Overseer  
  142  7:45  Hive  
  142  7:46  Drone, Lurker Den  
  142  7:47  Drone  
  142  7:48  Drone x2  
  145  7:51  Muscular Augments  
  145  7:56  Zergling x10  
  150  7:59  Zergling x4  
  150  8:08  Hydralisk  
  143  8:13  Zergling x2  
  143  8:14  Overlord  
  143  8:15  Overlord  
  138  8:20  Zergling x12  
  138  8:27  Overlord x2  
  138  8:31  Overlord  
  138  8:33  Overlord  
  138  8:39  Zergling x16  
  146  8:44  Baneling x6  
  146  8:45  Baneling x2  
  146  8:46  Hydralisk x2  
  146  8:47  Overseer, Pneumatized Carapace  
  150  8:52  Drone x2, Hydralisk  
  150  8:53  Hydralisk x3  
  160  8:59  Hatchery, Zergling x8  
  160  9:00  Zergling x2  
  160  9:01  Zergling x4  
  160  9:04  Hydralisk x2  
  160  9:08  Spine Crawler  
  161  9:10  Seismic Spines  
  161  9:12  Lurker x6  
  161  9:13  Zergling x10  
  161  9:15  Zerg Ground Armor Level 2  
  172  9:17  Zergling x6  
  172  9:18  Zergling x2  
  172  9:22  Queen  
  178  9:25  Zergling x8  
  178  9:28  Zergling x2  
  178  9:29  Zergling x10  
  179  9:34  Zergling x2  
  179  9:35  Zergling x8  
  179  9:38  Zerg Missile Weapons Level 2  
  183  9:40  Lurker  
  180  9:46  Lurker x3  
  180  9:51  Lurker  
  180  9:52  Hatchery  
  181  9:56  Overlord  
  181  9:57  Lurker x2  
  181  9:58  Baneling x2  
  182  10:02  Zergling x2  
  182  10:03  Zergling x2, Overlord  
  180  10:09  Overlord  
  180  10:10  Zergling x8  
  180  10:12  Overlord  
  181  10:20  Zergling x2  
  181  10:21  Zergling x16  
  176  10:23  Zergling x4  
  176  10:27  Lurker  
  167  10:29  Zergling x10  
  167  10:32  Baneling x6  
  170  10:35  Extractor  
  170  10:38  Hydralisk x3  
  170  10:39  Extractor  
  174  10:47  Viper x2  
  179  10:54  Zergling x8  
  183  10:57  Overseer  
  181  11:05  Hydralisk x5  
  181  11:07  Lurker  
  177  11:17  Zergling x22  
  185  11:18  Overseer x2  
  185  11:26  Hatchery  
  185  11:30  Drone x4  
  188  11:34  Spore Crawler  
  188  11:36  Hydralisk x4  
  192  11:47  Viper  
  191  11:49  Zergling x2  
  191  11:50  Zergling x8  
  198  12:00  Baneling x5  
  168  12:08  Hydralisk x12  
  168  12:15  Hydralisk x3  
  150  12:24  Hydralisk  
  150  12:25  Hydralisk x3  
  147  12:30  Zergling x6  
  147  12:36  Zergling x2  
  151  12:37  Zerg Melee Weapons Level 1, Extractor  
  151  12:38  Overseer  
  151  12:40  Lurker  
  151  12:42  Extractor  
  150  12:46  Drone x5  
  155  12:51  Hatchery  
  155  12:55  Spore Crawler  
  155  12:57  Zergling x10, Zerg Ground Armor Level 3  
  158  13:02  Lurker  
  158  13:03  Zergling x8  
  163  13:12  Zergling x4  
  165  13:14  Nydus Network  
  165  13:15  Adaptive Talons  
  163  13:24  Drone x3  
  163  13:25  Drone x8  
  174  13:27  Lurker x3  
  174  13:31  Zergling x2  
  174  13:34  Lurker  
  177  13:38  Drone x3  
  171  13:43  Zergling x4  
  173  13:56  Zergling x18  
  173  14:00  Lurker  
  173  14:01  Lurker x3  
  186  14:03  Baneling x10  
  186  14:05  Hatchery  
  186  14:06  Hydralisk  
  186  14:07  Hydralisk  
  188  14:23  Hydralisk x8  
  198  14:28  Hydralisk x3  
  197  14:36  Baneling x9  
  197  14:37  Overseer  
  197  14:39  Drone x3  
  186  14:53  Zergling x2  
  186  14:54  Zergling x24  
  186  14:56  Zergling x4  
  168  15:01  Zergling x10  
  168  15:06  Hydralisk x2  
Tags
 
Add a new tag
Caveats
  • Supply blocks, unpowered buildings, or Contaminate may cause inaccurate times.
  • Supply counts are checked every 10 seconds.